 Dungeon Crawl Stone Soup version 0.27.0-1-g7a089689b8 (webtiles) character file.

Game seed: 414331276661145872

42 Colgate the Changer (level 3, -3/26 HPs)
             Began as a Barachi Transmuter on Aug 15, 2021.
             Slain by Terence (12 damage)
             ... on level 2 of the Dungeon.
             The game lasted 00:05:22 (1174 turns).

Colgate the Changer (Barachi Transmuter)            Turns: 1174, Time: 00:05:23

Health: -3/26      AC:  2    Str: 11    XL:     3   Next: 54%
Magic:  6/7        EV: 12    Int: 14    God:
Gold:   77         SH:  0    Dex: 12    Spells: 5/8 levels left

rFire    . . .     SeeInvis .     - Unarmed
rCold    . . .     Faith    .   (no shield)
rNeg     . . .     Spirit   .   a - +0 robe
rPois    +         Reflect  .   (helmet currently unavailable)
rElec    .         Harm     .   (no cloak)
rCorr    .         Rampage  .   (no gloves)
Will     .....                  (boots currently unavailable)
Stlth    +.........             (no amulet)
HPRegen  0.08/turn              c - ring of poison resistance
MPRegen  0.10/turn              (no ring)

@: appendages (expiring), slow
A: horns 2, talons 2, amphibious, slowness 1, strong legs 1, +LOS
a: Hop, End Transformation


You were on level 2 of the Dungeon.
You had temporarily grown beastly horns and talons.
You visited 1 branch of the dungeon, and saw 2 of its levels.

You collected 77 gold pieces.

Inventory:

Missiles
 e - 12 poisoned darts
 i - 16 stones
Armour
 a - a +0 robe (worn)
Jewellery
 c - a ring of poison resistance (left hand)
Scrolls
 d - a scroll of enchant armour {unknown}
 f - a scroll of noise {unknown}
 g - 2 scrolls of teleportation {unknown}
 h - 3 scrolls of identify {unknown}
 j - a scroll of fog {unknown}
Potions
 b - a potion of curing {unknown}


   Skills:
 - Level 1.2 Fighting
 - Level 2.1 Dodging
 - Level 3.2 Unarmed Combat
 - Level 3.0 Spellcasting
 + Level 3.5 Transmutations


You had 5 spell levels left.
You knew the following spells:

 Your Spells              Type           Power      Damage    Failure   Level
a - Beastly Appendage     Tmut           24%        N/A       4%          1
b - Wereblood             Tmut           12%        N/A       8%          2

Your spell library contained the following spells:

 Spells                   Type           Power      Damage    Failure   Level
 Apportation              Tloc           4%         N/A       22%         1
 Spider Form              Tmut/Pois      3%         N/A       30%         3
 Sublimation of Blood     Necr           1%         N/A       32%         2
 Ice Form                 Ice/Tmut       7%         N/A       71%         4
 Alistair's Intoxication  Tmut/Pois      4%         N/A       96%         5
 Invisibility             Hex            1%         N/A       100%        6
 Summon Hydra             Summ           1%         N/A       100%        7


Dungeon Overview and Level Annotations

Branches:
Dungeon (2/15)

Altars:
Ru

Annotations:
D:2 Terence


Innate Abilities, Weirdness & Mutations

You have temporarily grown beastly horns and talons.
You are amphibious.
You cover ground slowly.
You can hop short distances.
You have an extended range of vision and can be seen from far away.


Message History

Okay, then.
You see here 16 arrows.
j - a scroll labelled LEUMEOTAHE You now have 77 gold pieces (gained 19).
Found a stone staircase leading down.
There is a stone staircase leading down here.
Terence the Incautious comes into view.
He is wielding a +0 flail.
You grow a pair of large bovine horns.
Your feet morph into talons.
Terence barely misses you.
You barely miss Terence. You headbutt Terence, but do no damage.
You punch Terence.
Terence is moderately wounded.
Terence hits you with a +0 flail.
You closely miss Terence. Your kick misses Terence.
Terence is moderately wounded.
You hit Terence. Your kick misses Terence.
Terence is moderately wounded.
Terence asks, "Do you want it fast or slow?"
Terence closely misses you.
You barely miss Terence.
Terence is moderately wounded.
Terence closely misses you.
You closely miss Terence.
Terence is moderately wounded.
Terence hits you with a +0 flail.
You hit Terence but do no damage.
Terence is moderately wounded.
Terence hits you with a +0 flail.
You are too injured to fight recklessly!
You hit Terence but do no damage.
Terence is moderately wounded.
Terence hits you with a +0 flail.
You barely miss Terence. Your kick misses Terence.
Terence is moderately wounded.
Your transformation is almost over.
Terence closely misses you.
You closely miss Terence. You headbutt Terence.
Terence is heavily wounded.
Terence hits you with a +0 flail!
You die...

#. .. .. .#
.# .# ##.# #
#@.# #.###@#
#.....#
####..#
#.....#
#####.###.###
#....>#
#...#########
##.#####
###.........#
#..#
#<.†......#
#.##
#.†.......#


You could see Terence.

Vanquished Creatures
  3 dart slugs (D:1)
  3 bats
  2 giant cockroaches (D:1)
  3 goblins (D:1)
  2 hobgoblins (D:1)
  3 jackals (D:1)
  A quokka (D:2)
  6 ball pythons
  4 frilled lizards (D:1)
  3 kobolds (D:1)
  6 rats
36 creatures vanquished.

Notes
Turn   | Place    | Note
-------+----------+-------------------------------------------
     0 | D:1      | Colgate the Barachi Transmuter began the quest for the Orb.
     0 | D:1      | Reached XP level 1. HP: 15/15 MP: 3/3
     5 | D:1      | Found a sacrificial altar of Ru.
   248 | D:1      | Reached XP level 2. HP: 21/21 MP: 3/5
   262 | D:1      | Learned a level 2 spell: Wereblood
   605 | D:1      | Reached XP level 3. HP: 26/26 MP: 2/7
  1162 | D:2      | Noticed Terence
  1174 | D:2      | Slain by Terence

Illustrated notes

Levels and vault maps discovered:
D:1:      dpeg_arrival_lava_altar, layout_basic
D:2:      layout_rooms, uniq_terence

Skill      XL: |  1  2  3 |
---------------+----------+-----
Transmutations | 3 |  3.5
Spellcasting   | 3 |  3.0
Fighting       | |  1.2
Dodging        | |  2.1
Unarmed Combat | |  3.2

Action                   || total
-------------------------++-------
Melee: Unarmed           ||    83
       Headbutt          ||    12
       Kick              ||    18
       Punch             ||     1
Throw: Dart              ||    12
 Cast: Beastly Appendage ||    17
       Wereblood         ||     5
  Use: Potion            ||     1
Armor: Ring mail         ||     4
       Robe              ||     6
Dodge: Dodged            ||    50
